 Dungeon Crawl Stone Soup version 0.28-a0-1638-g9123634e07 (webtiles) character file.

Game seed: 6138489853507795331

350 Hasart the Insei (level 6, 0/40 HPs)
             Began as an Octopode Transmuter on Jan 25, 2022.
             Slain by a water moccasin zombie (7 damage)
             ... on level 5 of the Dungeon.
             The game lasted 00:07:07 (4153 turns).

Hasart the Insei (Octopode Transmuter)              Turns: 4153, Time: 00:07:07

Health: 0/40       AC:  1    Str:  9    XL:     6   Next: 60%
Magic:  8/10       EV: 13    Int: 17    God:
Gold:   150        SH:  0    Dex: 13    Spells: 5/11 levels left

rFire   . . .      SeeInvis .     - Unarmed
rCold   . . .      Faith    .   (no shield)
rNeg    + . .      Spirit   .   (helmet restricted)
rPois   .          Reflect  .   (no amulet)
rElec   .          Harm     .   b - ring of positive energy
rCorr   .          Rampage  .   (no ring)
Will    .....                   (no ring)
Stlth   ++........              (no ring)
HPRegen 0.13/turn               (no ring)
MPRegen 0.12/turn               (no ring)
                                (no ring)
                                (no ring)

@: no status effects
A: almost no armour, amphibious, 8 rings, camouflage 1, gelatinous body 1,
(nimble swimmer 1), tentacles
a: no special abilities


You were on level 5 of the Dungeon.
You visited 1 branch of the dungeon, and saw 5 of its levels.

You collected 150 gold pieces.

Inventory:

Missiles
 f - 6 boomerangs (quivered)
 n - 2 poisoned darts
Jewellery
 b - a ring of positive energy (left tentacle)
Wands
 m - a wand of flame (6)
Scrolls
 a - 2 scrolls of teleportation {unknown}
 c - 2 scrolls of identify {unknown}
 d - a scroll of brand weapon {unknown}
 e - 2 scrolls of vulnerability {unknown}
 g - a scroll of fog {unknown}
 i - a scroll of fear {unknown}
 k - a scroll of amnesia {unknown}
 l - a scroll of enchant weapon {unknown}
Potions
 h - 2 potions of haste {unknown}
 j - a potion of curing {unknown}


   Skills:
 + Level 2.3 Fighting
 + Level 1.8 Throwing
 + Level 3.0 Dodging
 * Level 4.5 Unarmed Combat
 + Level 3.0 Spellcasting
 + Level 3.0 Transmutations
 + Level 1.7 Poison Magic


You had 5 spell levels left.
You knew the following spells:

 Your Spells              Type           Power      Damage    Failure   Level
a - Beastly Appendage     Tmut           26%        N/A       4%          1
b - Wereblood             Tmut           13%        N/A       8%          2
c - Spider Form           Tmut/Pois      10%        N/A       19%         3

Your spell library contained the following spells:

 Spells                   Type           Power      Damage    Failure   Level
 Summon Small Mammal      Summ           8%         N/A       17%         1
 Call Canine Familiar     Summ           2%         N/A       45%         3
 Summon Guardian Golem    Hex/Summ       2%         N/A       45%         3
 Ice Form                 Ice/Tmut       7%         N/A       67%         4


Dungeon Overview and Level Annotations

Branches:
Dungeon (5/15)
 Temple: D:4-7

Altars:
The Shining One

Shops:
D:4 :*

Annotations:
D:2 1 runed translucent door, Crazy Yiuf
D:4 exclusion: two-headed ogre


Innate Abilities, Weirdness & Mutations

You cannot wear most types of armour.
You are amphibious.
You can wear up to eight rings at the same time.
Your skin changes colour to match your surroundings (Stealth+).
Your rubbery body absorbs attacks. (AC +1, EV +1)
((You are camouflaged when in or above water. (Stealth+)))
You have tentacles for arms and can constrict up to eight enemies at once.


Message History

Casting: Beastly Appendage (safe; 4% risk of failure)
Confirm with . or Enter, or press ? or * to list all spells.
The spell is quite dangerous to miscast (19% risk of failure)!
Continue anyway?
You turn into a venomous arachnid creature.
Your transformation is almost over.
An adder comes into view.
The adder moves out of view. 2 gnolls come into view.
Found a stone staircase leading up.
A goblin comes into view. It is wielding a +0 dagger.
The gnoll moves out of view.
A gnoll comes into view. It is wielding a +0 flail.
The adder hisses angrily.
The goblin shouts!
The gnoll shouts!
An adder comes into view.
The gnoll shouts!
You hear an angry hiss.
You hear a shout!
The centaur wields a +0 shortbow.
The centaur shoots an arrow.
The arrow hits you.
The centaur shoots an arrow.
The arrow closely misses you.
The centaur shoots an arrow.
The arrow hits you!
There is a stone staircase leading down here.
Your transformation has ended.
You climb downwards.
There is a stone staircase leading up here.
The helpless water moccasin zombie fails to defend itself.
You tentacle-slap the water moccasin zombie.
You grab the water moccasin zombie.
The water moccasin zombie is lightly damaged.
You constrict the water moccasin zombie.
The water moccasin zombie bites you!
* * * LOW HITPOINT WARNING * * *
You tentacle-slap the water moccasin zombie.
The water moccasin zombie is lightly damaged.
You constrict the water moccasin zombie.
The water moccasin zombie completely misses you.
Unknown command.
You tentacle-slap the water moccasin zombie.
The water moccasin zombie is moderately damaged.
You constrict the water moccasin zombie.
The water moccasin zombie bites you!
You die...

.. ....
#..#...
#Z#...
.....
....
####..
#.....##
#Z@#
##...#
##.....
.......
.......
.......
.......
.......


You could see a water moccasin zombie and a bullfrog zombie.

Vanquished Creatures
  A necrophage (D:4)
  A bullfrog (D:4)
  A crimson imp (D:3)
  An iguana (D:4)
  Natasha (D:2)
  A gnoll (D:1)
  3 adders (D:2)
  2 worms
  A dart slug (D:4)
  5 orcs
  7 bats
  3 endoplasms
  A giant cockroach (D:2)
  3 hobgoblins
  7 jackals (D:2)
  2 quokkas (D:1)
  5 ball pythons
  5 frilled lizards
  5 goblins
  A goblin skeleton (D:3)
  A goblin zombie (D:3)
  2 hobgoblin zombies (D:3)
  5 kobolds
  A kobold skeleton (D:3)
  A kobold zombie (D:3)
  5 rats
71 creatures vanquished.

Vanquished Creatures (others)
  A fungus (D:2)
  5 withered plants (D:2)
6 creatures vanquished.

Grand Total: 77 creatures vanquished

Notes
Turn   | Place    | Note
-------+----------+-------------------------------------------
     0 | D:1      | Hasart the Octopode Transmuter began the quest for the Orb.
     0 | D:1      | Reached XP level 1. HP: 13/13 MP: 3/3
   281 | D:1      | Reached XP level 2. HP: 12/18 MP: 5/5
   284 | D:1      | Learned a level 2 spell: Wereblood
   977 | D:1      | Reached XP level 3. HP: 23/23 MP: 6/6
  1421 | D:2      | Reached XP level 4. HP: 28/28 MP: 7/7
  1680 | D:2      | Found a faded altar of an unknown god.
  2155 | D:2      | Reached skill level 1 in Throwing
  2195 | D:2      | Learned a level 3 spell: Spider Form
  2223 | D:2      | Noticed Natasha
  2231 | D:2      | Killed Natasha
  2363 | D:2      | Found a runed translucent door.
  2364 | D:2      | Noticed Crazy Yiuf
  2561 | D:3      | Found a glowing golden altar of the Shining One.
  2568 | D:3      | Reached XP level 5. HP: 34/34 MP: 8/8
  2575 | D:3      | Reached skill level 4 in Unarmed Combat
  2575 | D:3      | Reached skill level 1 in Poison Magic
  3693 | D:4      | Found Ostoutim's Self-Improvement Boutique.
  3792 | D:4      | Noticed a two-headed ogre
  3854 | D:4      | Found Quhak's Assorted Antiques.
  3890 | D:4      | Noticed a necrophage
  3900 | D:4      | Killed a necrophage
  3901 | D:4      | Reached XP level 6. HP: 13/39 MP: 7/10
  4150 | D:5      | Entered Level 5 of the Dungeon
  4153 | D:5      | Slain by a water moccasin zombie

Illustrated notes

Levels and vault maps discovered:
D:1:      mainiacjoe_arrival_reflecting_pool, layout_basic,
          kennysheep_pointless_box, patterned_corridor
D:2:      layout_loops_ring, ebering_ecumenical_altar_petrified,
          uniq_crazy_yiuf_cottage, uniq_natasha
D:3:      layout_loops_corners, nicolae_tso_besieged_by_evil,
          nicolae_underground_beach
D:4:      layout_rooms, serial_shops, shop, nicolae_shop_self_help
D:5:      layout_rooms, temple_statues

Skill      XL: |  1  2  3  4  5  6 |
---------------+-------------------+-----
Throwing       | 1 |  1.8
Unarmed Combat | 4 |  4.5
Poison Magic   | 1 |  1.7
Fighting       | 2 |  2.3
Transmutations | 3 |  3.0
Dodging        | 3 |  3.0
Spellcasting   | 3 |  3.0

Action                   |  1- 3 |  4- 6 || total
-------------------------+-------+-------++-------
Melee: Unarmed           |    64 |   122 ||   186
       Constrict         |    18 |    28 ||    46
       Tentacles         |    10 |    30 ||    40
       Kick              |     3 |     5 ||     8
       Punch             |     1 |     7 ||     8
Throw: Boomerang         |       |     2 ||     2
 Cast: Beastly Appendage |     1 |     2 ||     3
       Wereblood         |     1 |     2 ||     3
       Spider Form       |       |     3 ||     3
 Stab: Sleeping          |     6 |     6 ||    12
Armor: Skin              |     3 |     5 ||     8
Dodge: Dodged            |    33 |    70 ||   103

Table legend: (Time is in decaauts)
 A = Elapsed time spent in this place.
 B = Non-inter-level travel time spent in this place.
 C = Inter-level travel time spent in this place.
 D = Time resting spent in this place.
 E = Time spent auto-exploring this place.
 F = Levels seen in this place.
 G = Mean time per level.
                   A        B        C        D        E       F      G
               +--------+--------+--------+--------+--------+-----+--------+
         Total |   4140 |   4034 |    106 |    383 |   3135 |   5 |  828.0 |
       Dungeon |   4140 |   4034 |    106 |    383 |   3135 |   5 |  828.0 |
               +--------+--------+--------+--------+--------+-----+--------+

Top non-repeatable levels by time:
     D:2: 1398 daAuts
     D:1: 1138 daAuts
     D:3: 1134 daAuts
     D:4: 466 daAuts
     D:5: 2 daAuts
